 Dungeon Crawl Stone Soup version 0.25-a0-435-g4b9beb1024 (console) character file.

Game seed: 5620318791687126597, levelgen mode: deterministic

3605 utis the Basher (level 10, -1/63 HPs)
             Began as a Tengu Wizard on Jan 28, 2020.
             Slain by a hornet (13 damage)
             ... on level 7 of the Dungeon.
             The game lasted 00:31:56 (11398 turns).

utis the Basher (Tengu Wizard)                     Turns: 11398, Time: 00:31:57

Health: -1/63      AC:  5    Str: 10    XL:     10   Next: 10%
Magic:  15/15      EV: 17    Int: 19    God:
Gold:   292        SH:  0    Dex: 13    Spells: 4/15 levels left

rFire    . . .     SeeInvis .   a - +2 dire flail (holy)
rCold    . . .     Gourm    .   (shield currently unavailable)
rNeg     . . .     Faith    .   c - +0 ring mail
rPois    .         Spirit   .   b - +0 hat
rElec    .         Reflect  .   (no cloak)
rCorr    .         Harm     .   (no gloves)
MR       .....                  (boots unavailable)
Stlth    +.........             (no amulet)
HPRegen  0.20/turn              Z - ring of wizardry
MPRegen  0.14/turn              (no ring)

@: lethally poisoned (-1 -> -8), flying quickly and evasively, slowed, studying
Maces & Flails, very slow
A: beak, talons 3, able to fly
a: Stop Flying


You were on level 7 of the Dungeon.
You were very hungry.

You visited 1 branch of the dungeon, and saw 7 of its levels.

You collected 292 gold pieces.

Inventory:

Hand Weapons
 a - a +2 dire flail of holy wrath (weapon)
 w - a +2 dagger of venom
 H - a +0 shortbow
Missiles
 e - 31 poisoned darts
 j - 161 stones (quivered)
 m - 23 sling bullets
 x - a throwing net {=f}
 C - 89 bolts
 I - 6 javelins
 M - 138 arrows
Armour
 b - a +0 hat (worn)
 c - a +0 ring mail (worn)
 g - a +0 chain mail
Jewellery
 F - an uncursed ring of fire
 Z - a ring of wizardry (left hand)
Scrolls
 k - a scroll of amnesia
 n - 4 scrolls of remove curse {@r2}
 o - 3 scrolls of fear
 r - a scroll of magic mapping
 y - a scroll of teleportation {@r4}
 D - a scroll of enchant weapon
Potions
 f - 2 potions of heal wounds {@q2}
 i - a potion of cancellation {unknown}
 l - a potion of invisibility
 s - a potion of haste {@q3}
 t - a potion of ambrosia
 v - a potion of lignification
 B - 3 potions of curing {unknown}
 E - a potion of flight {unknown}
 O - a potion of mutation {unknown}
Books
 K - a manual of Maces & Flails
Comestibles
 d - 7 rations {@e1}


   Skills:
 - Level 7.2 Fighting
 - Level 2.0 Short Blades
 + Level 9.7 Maces & Flails
 - Level 9.2 Dodging
 - Level 2.0 Stealth
 - Level 3.0 Spellcasting
 - Level 6.2 Conjurations
 - Level 1.2 Summonings
 - Level 0.7 Translocations
 - Level 2.3 Fire Magic
 - Level 2.5 Air Magic
 - Level 1.0 Poison Magic


You had 4 spell levels left.
You knew the following spells:

 Your Spells              Type           Power        Failure   Level  Hunger
a - Magic Dart            Conj           ####         1%          1    None
d - Mephitic Cloud        Conj/Pois/Air  ###.....     12%         3    ###....
o - Conjure Flame         Conj/Fire      ###.....     9%          3    ###....
p - Call Imp              Summ           #.......     16%         2    ##.....
v - Blink                 Tloc           N/A          17%         2    ##.....

Your spell library contained the following spells:

 Spells                   Type           Power        Failure   Level  Hunger
 Slow                     Hex            #.......     24%         2    ##.....


Dungeon Overview and Level Annotations

Branches:
Dungeon (7/15)             Temple (0/1) D:6

Altars:
Fedhas
Hepliaklqana
Ru
Trog
Uskayaw
Vehumet
The Shining One

Annotations:
D:6 2 transporters, EtherCrawl's ghost, novice GnAs


Innate Abilities, Weirdness & Mutations

You have a beak for a mouth.
You have claws for feet.
You can fly continuously.


Message History

The hornet stings you!
* * * LOW HITPOINT WARNING * * *
You feel as though you will be slow longer.
The orc wizard hits you but does no damage.
The hornet stings you.
* * * LOW HITPOINT WARNING * * *
You are poisoned.
You feel as though you will be slow longer.
You feel sick. The hornet stings you!
* * * LOW HITPOINT WARNING * * *
You shrug off the repeated paralysis!
The orc wizard hits you but does no damage.
You can move again.
Unknown command.
You feel much better.
You feel sick. The hornet stings you!
* * * LOW HITPOINT WARNING * * *
You feel as though you will be slow longer.
The orc wizard mumbles some strange words.
The orc wizard flickers and vanishes!
The hornet stings you!
You die...

......[.....░ ░➘[...░░░
...........░ ░░░░░░░.....░
o..........░░░....░░.....░
░..................░░
░..................░
░..................░
░..............░░░░░
░░░....y{o░░......░░
░...░░Q.░░........
░...░░............
░░░░░░░†░░░░........
░.......░ ░..........
..'.......░░░..........░
░░░.....................
░....░░...................
░.........................
..........................


You could see a hornet and an orc.

Vanquished Creatures
  Grinder (D:5)
  3 slime creatures
  A water moccasin (D:5)
  An orc warrior (D:6)
  A sky beast (D:7)
  6 centaurs
  An ogre (D:4)
  4 big kobolds (D:6)
  A bullfrog (D:7)
  3 scorpions
  5 killer bees (D:7)
  A crimson imp (D:7)
  A bullfrog zombie (D:7)
  A centaur zombie (D:6)
  6 jellies
  5 orc wizards (D:4)
  4 orc priests
  2 bullfrog skeletons
  3 hounds
  A gnoll shaman (D:6)
  An iguana (D:7)
  8 worker ants
  A hound skeleton (D:7)
  8 gnolls
  9 adders
  A shadow imp (D:7)
  5 oozes (D:6)
  An adder zombie (D:5)
  3 worms
  A dart slug (D:1)
  A leopard gecko (D:3)
  14 orcs
  3 giant cockroaches
  4 goblins
  5 hobgoblins
  3 jackals (D:6)
  10 kobolds
  A ball python (D:1)
  4 bats
  7 frilled lizards
  A jackal zombie (D:5)
  8 rats
150 creatures vanquished.

Vanquished Creatures (collateral kills)
  An ice beast (D:6)
  2 killer bees (D:7)
3 creatures vanquished.

Vanquished Creatures (others)
  A killer bee (D:7)
  3 fungi (D:6)
  9 toadstools (D:6)
13 creatures vanquished.

Grand Total: 166 creatures vanquished

Notes
Turn   | Place    | Note
-------+----------+-------------------------------------------
     0 | D:1      | utis the Tengu Wizard began the quest for the Orb.
     0 | D:1      | Reached XP level 1. HP: 10/10 MP: 5/5
   477 | D:1      | Reached XP level 2. HP: 15/15 MP: 1/7
   547 | D:1      | Learned a level 2 spell: Call Imp
   550 | D:1      | Learned a level 2 spell: Blink
  1351 | D:2      | Reached XP level 3. HP: 20/20 MP: 4/8
  1418 | D:2      | Reached skill level 1 in Fighting
  1495 | D:2      | Reached skill level 1 in Short Blades
  1785 | D:2      | Reached XP level 4. HP: 26/26 MP: 7/9
  1867 | D:2      | Found a hazy altar of Hepliaklqana.
  1868 | D:2      | Found a sacrificial altar of Ru.
  1870 | D:2      | Found a hide-covered altar of Uskayaw.
  1870 | D:2      | Found a radiant altar of Vehumet.
  2378 | D:2      | Learned a level 3 spell: Conjure Flame
  3355 | D:3      | Gained mutation: You can fly continuously. [Tengu growth]
  3355 | D:3      | Reached XP level 5. HP: 31/31 MP: 10/10
  4262 | D:4      | Reached skill level 1 in Fire Magic
  4262 | D:4      | Reached XP level 6. HP: 24/37 MP: 11/11
  4378 | D:3      | Learned a level 3 spell: Mephitic Cloud
  4888 | D:4      | Reached XP level 7. HP: 25/41 MP: 12/12
  5288 | D:4      | Reached skill level 1 in Air Magic
  5609 | D:4      | Reached skill level 1 in Poison Magic
  5902 | D:4      | Reached skill level 5 in Conjurations
  6098 | D:5      | Entered Level 5 of the Dungeon
  6157 | D:5      | Reached skill level 5 in Dodging
  6748 | D:5      | Reached XP level 8. HP: 27/46 MP: 13/13
  7114 | D:5      | Found a blossoming altar of Fedhas.
  7243 | D:5      | Noticed Grinder
  7248 | D:5      | Killed Grinder
  7426 | D:5      | Found a glowing golden altar of the Shining One.
  7970 | D:6      | Found a transporter.
  7971 | D:6      | Found a transporter.
  7999 | D:6      | Noticed an ancient zyme
  8117 | D:6      | Reached skill level 5 in Fighting
  8404 | D:6      | Noticed a slime creature
  8404 | D:6      | Noticed a slime creature
  8404 | D:6      | Noticed a slime creature
  8405 | D:6      | Reached XP level 9. HP: 53/55 MP: 14/14
  8786 | D:6      | Found a staircase to the Ecumenical Temple.
  9121 | D:6      | Found a hide-covered altar of Uskayaw.
 10008 | D:6      | Reached skill level 1 in Maces & Flails
 10122 | D:6      | Identified the +11 spear of Abomination {distort, Str+3}
 10230 | D:6      | Reached skill level 5 in Maces & Flails
 10300 | D:6      | Noticed EtherCrawl's ghost (novice GnAs)
 10312 | D:6      | Noticed an ancient zyme
 10637 | D:7      | Reached XP level 10. HP: 40/63 MP: 8/15
 10984 | D:7      | Found a bloodstained altar of Trog.
 11395 | D:7      | Paralysed by a hornet for 3 turns
 11398 | D:7      | Slain by a hornet

Levels and vault maps discovered:
D:1:      minmay_arrival_open_corners, layout_basic, minmay_close_crescents
D:2:      layout_basic, chequers_temple_overflow_statue_of_worship
D:3:      layout_basic
D:4:      layout_layer_cave, grunt_ministairs_8, serial_bayou_crossing
D:5:      layout_loops_ring, fedhas_altar_fruit_tree, first_ration,
          chequers_serial_rivers_micro_c, tso_altar, uniq_grinder
D:6:      cheibrodos_fertilizer, layout_basic, minmay_temple_entry_overgrown,
          basic_altar, gammafunk_ghost_abyssal_escape, minmay_manual_mares
D:7:      layout_basic, lemuel_crystal_altar

Skill      XL: |  1  2  3  4  5  6  7  8  9 10 |
---------------+-------------------------------+-----
Conjurations   | 2 3 4 6 |  6.2
Fighting       | 1 2 3 5 7 |  7.2
Short Blades   | 1 2 |  2.0
Dodging        | 3 4 5 7 9 |  9.2
Fire Magic     | 1 2 |  2.3
Air Magic      | 2 |  2.5
Poison Magic   | 1 |  1.0
Maces & Flails | 8 9 |  9.7
Stealth        | |  2.0
Spellcasting   | |  3.0
Summonings     | |  1.2
Translocations | |  0.7

Action                   |  1- 3 |  4- 6 |  7- 9 | 10-12 || total
-------------------------+-------+-------+-------+-------++-------
Melee: Mace              |     9 |       |       |       ||     9
       Dagger            |    12 |    99 |   256 |    15 ||   382
       Kick              |     3 |    25 |    76 |     5 ||   109
       Peck              |     1 |    12 |    37 |     2 ||    52
       Dire flail        |       |       |    46 |    18 ||    64
 Cast: Magic Dart        |    45 |    32 |    55 |     5 ||   137
       Conjure Flame     |       |     5 |     9 |       ||    14
       Call Imp          |       |       |     1 |       ||     1
       Mephitic Cloud    |       |       |    10 |     2 ||    12
 Abil: Fly               |       |     1 |       |       ||     1
  Use: Scroll            |       |     8 |     4 |     4 ||    16
       Potion            |       |       |     1 |     1 ||     2
 Stab: Sleeping          |     1 |     1 |     1 |       ||     3
       Confused          |       |       |     4 |       ||     4
  Eat: Chunk             |     2 |    10 |    13 |     1 ||    26
       Ration            |       |       |     2 |       ||     2
Armor: Leather armour    |     4 |     1 |       |       ||     5
       Robe              |     2 |       |       |       ||     2
       Ring mail         |       |    22 |    39 |     7 ||    68
Dodge: Dodged            |    13 |    38 |   190 |    36 ||   277

Table legend:
 A = Non-vault XP
 B = Vault XP
 C = Vault XP percentage of total XP
 D = Non-vault monster count
 E = Vault monster count
 F = Vault count percentage of total count
                 A         B        C        D         E       F
            +---------+---------+-------+---------+---------+-------
      Total |    3191 |    1960 |  38.1 |     120 |      34 |  22.1
            +---------+---------+-------+---------+---------+-------
        D:1 |      16 |      12 |  42.9 |      11 |       6 |  35.3
        D:2 |     122 |       0 |   0.0 |      16 |       0 |   0.0
        D:3 |     116 |       0 |   0.0 |      18 |       0 |   0.0
        D:4 |     458 |      96 |  17.3 |      18 |       6 |  25.0
        D:5 |     566 |     765 |  57.5 |      12 |       3 |  20.0
        D:6 |     912 |    1087 |  54.4 |      23 |      19 |  45.2
        D:7 |    1001 |       0 |   0.0 |      22 |       0 |   0.0
            +---------+---------+-------+---------+---------+-------
